AoeStats
← ddk

Migration

509278570Analyzed
1v1 RM · 6d ago on Sep 26, 2026· 58m 7s· 2 players
Game mode
Random Map
Map size
132×132
Population
200
Speed
Normal
Resources
Standard
Victory
Conquest
Starting age
Dark Age
Ending age
Imperial Age
RankedLock teamsTeams togetherTeam positionsShared explorationLock speedFull tech treeHidden civsTurbo modeCheats
Victory
Defeat
🇸🇰 Wu · Slovakia
999
+14
🇺🇸 Ethiopians · United States
959
-14
thalasa
11:42 Feudal Age
16:34 Castle Age
15:50 Fishing Lines
16:48 Loom
18:27 Gillnets
18:51 Medium Warships
22:58 Double-Bit Axe
22:57 Horse Collar
23:54 Crossbowman
26:04 Heavy Plow
26:04 Town Watch
27:56 Fletching
29:35 Thumb Ring
34:52 Imperial Age
34:33 Wheelbarrow
33:52 Gold Mining
38:50 Conscription
38:04 Elite Skirmisher
44:07 Forging
43:57 Scale Mail Armor
43:58 Padded Archer Armor
46:02 Bow Saw
46:14 Hand Cart
46:44 Heavy Warships
46:58 Bodkin Arrow
47:18 Leather Archer Armor
48:20 Two-Man Saw
49:21 Gold Shaft Mining
48:37 Stone Mining
49:03 Elite Shotel Warrior
53:18 Bracer
53:49 Ring Archer Armor
55:54 Iron Casting
55:34 Chain Mail Armor
56:24 Ballistics
57:04 Chemistry
56:16 Masonry
57:13 Siege Engineers
58:13 Blast Furnace
58:20 Town Patrol
ddk
9:01 Loom
11:04 Feudal Age
11:49 Fishing Lines
11:59 Double-Bit Axe
13:11 Town Watch
19:04 Castle Age
17:58 Bloodlines
21:12 Stone Mining
22:27 Wheelbarrow
23:02 Medium Warships
22:44 Gillnets
27:55 Fletching
30:34 Bodkin Arrow
30:53 Bow Saw
36:11 Ballistics
37:24 Padded Archer Armor
45:16 Horse Collar
48:49 Imperial Age
49:02 Red Cliffs Tactics
49:11 Red Cliffs Tactics
49:54 Elite Fire Archer
50:57 Conscription
52:18 Chemistry
51:00 Treadmill Crane
54:08 Heavy Hei Guang Cavalry
54:50 Husbandry
55:05 Masonry
55:03 Bracer
55:19 Leather Archer Armor
55:09 Scale Barding Armor
55:15 Forging
Connection lost

Rejoining the realm…

Still unreachable

The connection could not be restored.

Session expired

The server has moved on; the page needs a fresh start.